 Dungeon Crawl Stone Soup version bcrawl-1.19.1 (webtiles) character file.

Game seed: 12096833417565204897

4 Anathary the Sneak (level 1, -3/19 HPs)
             Began as a Naga Sloth Apostle on Dec 10, 2019.
             Was an Initiate of Cheibriados.
             Slain by a goblin
             ... wielding a +0 dagger
              (4 damage)
             ... on level 1 of the Dungeon.
             The game lasted 00:00:29 (160 turns).

Anathary the Sneak (Naga Sloth Apostle)              Turns: 160, Time: 00:00:30

Health: -3/19      AC:  1    Str: 15    XL:     1   Next: 70%
Magic:  2/2        EV:  6    Int: 13    God:    Cheibriados [......]
Gold:   38         SH:  8    Dex: 11    Spells: 1/2 levels left

rFire    . . .     SeeInvis +   a - +0 falchion
rCold    . . .     Gourm    .   c - +0 shield
rNeg     . . .     Faith    .   b - +0 robe
rPois    +         Spirit   .   (no helmet)
rElec    .         Reflect  .   (no cloak)
rCorr    .         Harm     .   (no gloves)
MR       .....                  (no barding)
Stlth    +++.......             (no amulet)
HPRegen  0.06/turn              (no ring)
MPRegen  0.08/turn              (no ring)

@: very slow
A: large, see invisible, deformed body, poison resistance, slowness 2, slow
metabolism 1, spit poison 1, AC +0
a: Spit Poison, Bend Time, Renounce Religion


You were on level 1 of the Dungeon.
You worshipped Cheibriados.
Cheibriados was noncommittal.
You were not hungry.

You visited 1 branch of the dungeon, and saw 1 of its levels.

You collected 38 gold pieces.

Inventory:

Hand Weapons
 a - a +0 falchion (weapon)
Armour
 b - a +0 robe (worn)
 c - a +0 shield (worn)
Wands
 d - a wand of paralysis (10)
Potions
 e - a potion of might {unknown}
Comestibles
 f - a ration {!d}


   Skills:
 + Level 2.0 Fighting
 + Level 2.0 Long Blades
 + Level 5.4 Stealth
 + Level 1.5 Shields
 + Level 1.0 Spellcasting
 + Level 1.0 Hexes
 + Level 1.0 Evocations


You had one spell level left.
You knew the following spells:

 Your Spells              Type           Power        Failure   Level  Hunger
a - Slow                  Hex            #.......     67%         1    ##.....
Your spell library was empty.

Dungeon Overview and Level Annotations

Branches:
Dungeon (1/12)

Altars:


Innate Abilities, Weirdness & Mutations

You cannot wear boots.
Your serpentine skin is tough. (AC +0)
You have supernaturally acute eyesight. (SInv)
Armour fits poorly on your strangely shaped body.
Your system is resistant to poisons. (rPois)
You cover ground very slowly.
You have a slow metabolism.
You can spit poison.


Message History

The kobold hits you with a +0 short sword.
* * * LOW HITPOINT WARNING * * *
You block the giant cockroach's attack. You block the hobgoblin's attack.
The kobold hits you but does no damage.
You closely miss the hobgoblin. The giant cockroach barely misses you.
You block the goblin's attack. You block the hobgoblin's attack.
The kobold hits you with a +0 short sword.
* * * LOW HITPOINT WARNING * * *
The goblin hits you with a +0 dagger.
* * * LOW HITPOINT WARNING * * *
The giant cockroach bites you.
* * * LOW HITPOINT WARNING * * *
You hit the hobgoblin.
The hobgoblin is moderately wounded.
You block the hobgoblin's attack.
The giant cockroach bites you but does no damage.
The kobold hits you with a +0 short sword.
* * * LOW HITPOINT WARNING * * *
The goblin hits you with a +0 dagger.
You die...

.......#.#........
......#...#...........
.#####.....#####......
..#...........#......
...#.........#..#..#
...#....<....#..#$.#
..#...........#....####
.#####.....#####Kg....#
......#...#.....@g....#
.####..#.#.......s......
.. #...#....#####....##
#. #.#.....## ....# .#
#......## ...# .#
###.#### #### .. #.# #
###.###### #. #........#


You could see a giant cockroach, a hobgoblin, a goblin and a kobold.

Vanquished Creatures
  A leopard gecko (D:1)
  A goblin (D:1)
  A hobgoblin (D:1)
3 creatures vanquished.

Notes
Turn   | Place    | Note
-------+----------+-------------------------------------------
     0 | D:1      | Anathary the Naga Sloth Apostle began the quest for the
                  | Orb.
     0 | D:1      | Reached XP level 1. HP: 19/19 MP: 2/2
    37 | D:1      | Reached skill level 5 in Stealth
   160 | D:1      | Slain by a goblin

Skill      XL: |  1 |
---------------+----+-----
Stealth        | 5 |  5.4
Fighting       | |  2.0
Long Blades    | |  2.0
Shields        | |  1.5
Spellcasting   | |  1.0
Hexes          | |  1.0
Evocations     | |  1.0

Action                   || total
-------------------------++-------
Melee: Falchion          ||    14
 Stab: Sleeping          ||     1
Armor: Robe              ||     2
Dodge: Dodged            ||     6
Block: Shield            ||    13
